 Dungeon Crawl Stone Soup version 0.22-a0-398-g8bb545f (webtiles) character file.

81 raistware the Magician (level 4, 0/30 HPs)
             Began as a Mummy Wizard on May 5, 2018.
             Slain by an orc wizard
             ... wielding a +0 dagger
              (1 damage)
             ... on level 3 of the Dungeon.
             The game lasted 00:06:37 (2247 turns).

raistware the Magician (Mummy Wizard)               Turns: 2247, Time: 00:06:38

Health: 0/30       AC:  2    Str: 10    XL:     4   Next: 19%
Magic:  0/10       EV: 12    Int: 18    God:
Gold:   38         SH:  0    Dex: 10    Spells: 1/12 levels left

rFire    x . .     SeeInvis .   d - +0 short sword
rCold    + . .     Gourm    .   (no shield)
rNeg     + + +     Faith    .   a - +0 robe
rPois    ∞         Spirit   .   b - +0 hat
rElec    .         Reflect  .   (no cloak)
rCorr    .         Harm     .   (no gloves)
MR       .....                  (no boots)
Stlth    ++........             (no amulet)
HPRegen  0.10/turn              (no ring)
MPRegen  0.12/turn              (no ring)

@: no status effects
A: no food or potions, fire vulnerability, cold resistance 1, negative energy
resistance 3, torment resistance, unbreathing
a: no special abilities


You were on level 3 of the Dungeon.
You were not hungry.

You visited 1 branch of the dungeon, and saw 3 of its levels.

You collected 38 gold pieces.

Inventory:

Hand Weapons
 d - a +0 short sword (weapon)
Armour
 a - a +0 robe (worn)
 b - a +0 hat (worn)
Scrolls
 c - a scroll of random uselessness {unknown}
 e - a scroll of amnesia {unknown}
 f - 4 scrolls of identify {unknown}
 g - 3 scrolls of remove curse {unknown}
 h - a scroll of teleportation {unknown}
 i - a scroll of enchant weapon {unknown}
 j - 2 scrolls of enchant armour {unknown}


   Skills:
 - Level 1.5 Dodging
 - Level 1.5 Stealth
 + Level 4.6 Spellcasting
 * Level 3.0 Conjurations
 - Level 0.7 Summonings
 - Level 0.7 Translocations


You had one spell level left.
You knew the following spells:

 Your Spells              Type           Power        Failure   Level  Hunger
a - Magic Dart            Conj           ###.         4%          1    N/A
b - Blink                 Tloc           N/A          16%         2    N/A
c - Call Imp              Summ           #.......     16%         2    N/A
d - Conjure Flame         Conj/Fire      #.......     22%         3    N/A
e - Mephitic Cloud        Conj/Pois/Air  #.......     28%         3    N/A

Dungeon Overview and Level Annotations

Branches:
Dungeon (3/15)

Altars:


Innate Abilities, Weirdness & Mutations

You do not eat or drink.
Your flesh is vulnerable to fire.
You are immune to poison.
Your flesh is cold resistant. (rC+)
You are immune to negative energy. (rN+++)
You are immune to unholy pain and torment.
You can survive without breathing.


Message History

Confirm with . or Enter, or press ? or * to list all spells.
Aiming: Magic Dart (safe; 4% risk of failure)
Press: ? - help, Shift-Dir - straight line, f - frilled lizard
Aim: a frilled lizard The magic dart hits something.
You hear some strange, mumbled words.
A puff of flame appears from out of thin air!
The puff of flame hits you! The fire burns you terribly!
Ouch! That really hurt!
* * * LOW HITPOINT WARNING * * *
Something hits you.
* * * LOW HITPOINT WARNING * * *
You miss something.
Something hits you but does no damage. x2
A hobgoblin comes into view.
You miss something. Something hits you.
* * * LOW HITPOINT WARNING * * *
The hobgoblin moves out of view.
You miss something. Something hits you but does no damage.
You miss something. Something hits you but does no damage. Something hits you.
You die...

.#####..........
# .# #....#.....
.. #.........
#.##.##..)...#..
#<...........#
#######.....##
##...##
########.##
#...@{l...#
#.#.###...# #.
#....... #.
.l..(.... #.
#)#....(.. #.
#.##.##### #. ?.
.# ## #. ##


You could see a frilled lizard.

Vanquished Creatures
  2 adders (D:2)
  2 dart slugs
  4 leopard geckos
  2 orcs (D:3)
  2 ball pythons (D:2)
  3 giant cockroaches (D:2)
  4 goblins
  5 hobgoblins
  4 jackals (D:2)
  7 kobolds
  4 bats
  4 frilled lizards
  6 rats
49 creatures vanquished.

Notes
Turn   | Place    | Note
-------+----------+-------------------------------------------
     0 | D:1      | raistware the Mummy Wizard began the quest for the Orb.
     0 | D:1      | Reached XP level 1. HP: 13/13 MP: 5/5
    27 | D:1      | Reached skill level 1 in Conjurations
   315 | D:1      | Reached XP level 2. HP: 19/19 MP: 1/7
   319 | D:1      | Learned a level 2 spell: Blink
   337 | D:1      | Learned a level 2 spell: Call Imp
  1106 | D:2      | Reached XP level 3. HP: 13/24 MP: 3/8
  1111 | D:2      | Learned a level 3 spell: Conjure Flame
  1451 | D:2      | HP: 1/24 [adder (1)]
  1735 | D:2      | Learned a level 3 spell: Mephitic Cloud
  1851 | D:2      | Reached XP level 4. HP: 30/30 MP: 1/10
  2245 | D:3      | HP: 1/30 [something (2)]
  2247 | D:3      | Slain by an orc wizard

Vault maps used:
D:1:      minmay_arrival_plants_in_alcoves
D:2:      first_ration
D:3:      uniq_grinder

Skill      XL: |  1  2  3  4 |
---------------+-------------+-----
Conjurations   | 1 2 3 |  3.0
Dodging        | |  1.5
Stealth        | |  1.5
Spellcasting   | |  4.6
Summonings     | |  0.7
Translocations | |  0.7

Action                   |  1- 3 |  4- 6 || total
-------------------------+-------+-------++-------
Melee: Short sword       |    19 |     7 ||    26
 Cast: Magic Dart        |    99 |    24 ||   123
 Stab: Sleeping          |     2 |       ||     2
Armor: Robe              |     8 |     3 ||    11
Dodge: Dodged            |    39 |     1 ||    40

Table legend:
 A = Spawn XP
 B = Non-spawn XP
 C = Spawn XP percentage of total XP
 D = Spawn monster count
 E = Non-spawn monster count
 F = Spawn count percentage of total count
 G = Total turns spent on level
                    A         B        C        D         E        F      G
               +---------+---------+-------+---------+---------+-------+---------
         Total |       0 |     116 |   0.0 |       0 |      49 |   0.0 |  2247
               +---------+---------+-------+---------+---------+-------+---------
           D:1 |       0 |      33 |   0.0 |       0 |      17 |   0.0 |  1011
           D:2 |       0 |      75 |   0.0 |       0 |      28 |   0.0 |  1167
           D:3 |       0 |       8 |   0.0 |       0 |       4 |   0.0 |    69
               +---------+---------+-------+---------+---------+-------+---------
